 Seeded DCSS version 0.31-a0-544-gceb718ecc6 (webtiles) character file.

Game seed: 3826825538972431165 (custom seed)

142 innerfire43 the Insei (level 5, -2/40 HPs)
             Began as a Gnoll Shapeshifter on Aug 15, 2023.
             Slain by a gnoll
             ... wielding a +0 whip
              (5 damage)
             ... on level 2 of the Dungeon.
             The game lasted 00:02:22 (1554 turns).

innerfire43 the Insei (Gnoll Shapeshifter)          Turns: 1554, Time: 00:02:22

Health: -2/40      AC:  1    Str: 14    XL:     5   Next: 24%
Magic:  7/7        EV: 10    Int:  7    God:
Gold:   234        SH: 10    Dex: 15    Spells: 6/6 levels left

rFire   + +          .
                       - Unarmed
rCold   + . .        e - +2 kite shield of an ossuary {*Corrode rElec rF++ rN+}
rNeg    + . .        l - +0 ring mail
rPois   .            (helmet currently unavailable)
rElec   +            (cloak currently unavailable)
rCorr   .            (gloves currently unavailable)
SInv    .            (boots currently unavailable)
Will    .....        (no amulet)
Stlth   +            r - ring of protection from cold
HPRegen 0.26/turn    (no ring)
MPRegen 0.10/turn

%: corrode self (3%)
@: beast-form, corroded
A: beast (slay +4), fangs 1, strong nose, distributed training
a: Begin Untransformation


You were on level 2 of the Dungeon.
You were a hulking beast.
You visited 1 branch of the dungeon, and saw 3 of its levels.

You collected 234 gold pieces.

Inventory:

Armour
 a - a +0 animal skin
 e - the +2 kite shield of an ossuary (worn) {*Corrode rElec rF++ rN+}
   (You acquired it on level 1 of the Dungeon)

   rF++:      It greatly protects you from fire.
   rElec:     It insulates you from electricity.
   rN+:       It protects you from negative energy.
   *Corrode:  It may corrode you when you take damage.
 l - a +0 ring mail (worn)
 s - a +0 helmet
Jewellery
 r - a ring of protection from cold (left hand)
Talismans
 c - a beast talisman (active)
 d - a flux talisman
Scrolls
 f - 2 scrolls of vulnerability {unknown}
 g - a scroll of amnesia {unknown}
 h - a scroll of brand weapon {unknown}
 j - 2 scrolls of identify {unknown}
 k - 3 scrolls of noise {unknown}
 p - a scroll of torment {unknown}
 t - a scroll of enchant armour {unknown}
Potions
 b - a potion of lignification
 i - 2 potions of mutation {unknown}
 m - a potion of enlightenment {unknown}
 n - 2 potions of curing {unknown}
 o - a potion of cancellation {unknown}
 q - a potion of brilliance {unknown}
 u - a potion of invisibility {unknown}


   Skills:
 + Level 2.9 Fighting
 + Level 1.4 Short Blades
 + Level 1.4 Long Blades
 + Level 1.4 Axes
 + Level 1.4 Maces & Flails
 + Level 1.4 Polearms
 + Level 1.4 Staves
 + Level 1.4 Ranged Weapons
 + Level 1.4 Throwing
 + Level 1.4 Armour
 + Level 4.7 Dodging
 + Level 1.4 Stealth
 + Level 1.4 Shields
 + Level 6.7 Unarmed Combat
 + Level 1.4 Spellcasting
 + Level 1.1 Conjurations
 + Level 1.1 Hexes
 + Level 1.1 Summonings
 + Level 1.1 Necromancy
 + Level 1.1 Translocations
 + Level 1.1 Transmutations
 + Level 1.1 Fire Magic
 + Level 1.1 Ice Magic
 + Level 1.1 Air Magic
 + Level 1.1 Earth Magic
 + Level 1.1 Poison Magic
 + Level 1.6 Invocations
 + Level 1.4 Evocations
 + Level 6.6 Shapeshifting


You had 6 spell levels left.
You didn't know any spells.
Your spell library was empty.

Dungeon Overview and Level Annotations

Branches:
Dungeon (3/15)

Altars:


Innate Abilities, Weirdness & Mutations

You are a hulking beast.
Your limbs bulge with bestial killing power. (Slay +4)
You have very sharp teeth.
Your uncanny sense of smell can sniff out nearby items.
Your experience applies equally to all skills.


Message History

The gnoll is severely wounded.
The gnoll hits you but does no damage.
You barely miss the gnoll.
The gnoll is severely wounded.
The gnoll barely misses you.
You hit the gnoll.
You kill the gnoll!
A hobgoblin opens the door.
You punch the gnoll! You bite the gnoll.
You kill the gnoll!
You barely miss the gnoll. You block the gnoll's attack.
The gnoll hits you with a +0 whip.
Your corrosive artefact corrodes you!
The gnoll hits you from afar with a +0 spear.
The gnoll hits you with a +0 whip!
You barely miss the gnoll. You block the gnoll's attack.
The gnoll hits you with a +0 whip!
* * * LOW HITPOINT WARNING * * *
You hit the gnoll.
The gnoll is lightly wounded.
The gnoll hits you with a +0 whip!
* * * LOW HITPOINT WARNING * * *
You block the gnoll's attack.
Unknown command.
Found a stone staircase leading up.
The gnoll attacks as you move away! The gnoll hits you with a +0 whip.
* * * LOW HITPOINT WARNING * * *
The gnoll attacks as you move away! The gnoll closely misses you.
The gnoll attacks as you move away! You block the gnoll's attack.
There is a stone staircase leading up here.
The gnoll closely misses you.
You climb upwards.
There is a stone staircase leading down here.
You barely miss the gnoll.
The gnoll is lightly wounded.
The gnoll hits you with a +0 whip.
* * * LOW HITPOINT WARNING * * *
You closely miss the gnoll.
The gnoll is lightly wounded.
The gnoll hits you with a +0 whip.
You die...

....#.........# ####..#
....#.........#
###....##
....#.........#
#...####
....#.........### #.###
....########....#####.#
....###########.......#
....##.....# #..######
######.....#####.#
).)........'...gh#
###........#######
#........# #....†####
#.....# #.....# #.....#
#.....# #.....#


You could see a gnoll.

Vanquished Creatures
  Jessica (D:2)
  Robin (D:2)
  2 gnolls (D:3)
  3 adders (D:2)
  A dart slug (D:1)
  4 bats
  6 endoplasms
  3 giant cockroaches (D:1)
  11 goblins
  5 hobgoblins
  2 jackals (D:2)
  3 kobolds
  A quokka (D:2)
  3 ball pythons
  A frilled lizard (D:1)
  4 rats (D:1)
51 creatures vanquished.

Notes
Turn   | Place    | Note
-------+----------+-------------------------------------------
     0 | D:1      | innerfire43 the Gnoll Shapeshifter began the quest for the
                  | Orb.
     0 | D:1      | Reached XP level 1. HP: 17/17 MP: 1/1
    47 | D:1      | Identified a scroll of acquirement
    47 | D:1      | Acquired the +2 kite shield of an ossuary {*Corrode rElec
                  | rF++ rN+}
   218 | D:1      | Reached XP level 2. HP: 17/23 MP: 2/2
   498 | D:1      | Reached XP level 3. HP: 28/28 MP: 3/3
   894 | D:2      | Noticed Jessica
   897 | D:2      | Killed Jessica
   898 | D:2      | Reached skill level 1 in Short Blades
   898 | D:2      | Reached skill level 1 in Long Blades
   898 | D:2      | Reached skill level 1 in Axes
   898 | D:2      | Reached skill level 1 in Maces & Flails
   898 | D:2      | Reached skill level 1 in Polearms
   898 | D:2      | Reached skill level 1 in Staves
   898 | D:2      | Reached skill level 1 in Ranged Weapons
   898 | D:2      | Reached skill level 1 in Throwing
   898 | D:2      | Reached skill level 1 in Armour
   898 | D:2      | Reached skill level 1 in Stealth
   898 | D:2      | Reached skill level 1 in Shields
   898 | D:2      | Reached skill level 1 in Spellcasting
   898 | D:2      | Reached skill level 1 in Invocations
   898 | D:2      | Reached skill level 1 in Evocations
  1040 | D:2      | Reached XP level 4. HP: 34/34 MP: 5/5
  1183 | D:2      | Reached skill level 1 in Conjurations
  1183 | D:2      | Reached skill level 1 in Hexes
  1183 | D:2      | Reached skill level 1 in Summonings
  1183 | D:2      | Reached skill level 1 in Necromancy
  1183 | D:2      | Reached skill level 1 in Translocations
  1183 | D:2      | Reached skill level 1 in Transmutations
  1183 | D:2      | Reached skill level 1 in Fire Magic
  1183 | D:2      | Reached skill level 1 in Ice Magic
  1183 | D:2      | Reached skill level 1 in Air Magic
  1183 | D:2      | Reached skill level 1 in Earth Magic
  1183 | D:2      | Reached skill level 1 in Poison Magic
  1183 | D:2      | Noticed Robin
  1214 | D:2      | Killed Robin
  1295 | D:2      | Reached XP level 5. HP: 40/40 MP: 5/7
  1554 | D:2      | Slain by a gnoll

Illustrated notes

Levels and vault maps discovered:
D:1:      roderic_crop_circles_arrival_large, layout_basic
D:2:      layout_basic, minmay_distorted, uniq_robin, uniq_jessica
D:3:      layout_basic, minivault_24, minmay_box_of_dots

Skill      XL: |  1  2  3  4 |
---------------+-------------+-----
Short Blades   | 1 |  1.4
Long Blades    | 1 |  1.4
Axes           | 1 |  1.4
Maces & Flails | 1 |  1.4
Polearms       | 1 |  1.4
Staves         | 1 |  1.4
Ranged Weapons | 1 |  1.4
Throwing       | 1 |  1.4
Armour         | 1 |  1.4
Stealth        | 1 |  1.4
Shields        | 1 |  1.4
Spellcasting   | 1 |  1.4
Invocations    | 1 |  1.6
Evocations     | 1 |  1.4
Conjurations   | 1 |  1.1
Hexes          | 1 |  1.1
Summonings     | 1 |  1.1
Necromancy     | 1 |  1.1
Translocations | 1 |  1.1
Transmutations | 1 |  1.1
Fire Magic     | 1 |  1.1
Ice Magic      | 1 |  1.1
Air Magic      | 1 |  1.1
Earth Magic    | 1 |  1.1
Poison Magic   | 1 |  1.1
Fighting       | |  2.9
Dodging        | |  4.7
Unarmed Combat | |  6.7
Shapeshifting  | |  6.6

Action                     |  1- 3 |  4- 6 || total
---------------------------+-------+-------++-------
  Melee: Unarmed           |    62 |    50 ||   112
         Bite              |     6 |     3 ||     9
    Use: Scroll            |     1 |       ||     1
 Armour: Animal skin       |    12 |       ||    12
         Ring mail         |     2 |     7 ||     9
  Dodge: Dodged            |    22 |    22 ||    44
  Block: Kite shield       |     8 |    29 ||    37
   Form: Flux              |     1 |       ||     1
         Beast             |       |     1 ||     1

Table legend: (Time is in decaauts)
 A = Elapsed time spent in this place.
 B = Non-inter-level travel time spent in this place.
 C = Inter-level travel time spent in this place.
 D = Time resting spent in this place.
 E = Time spent auto-exploring this place.
 F = Levels seen in this place.
 G = Mean time per level.
                   A        B        C        D        E       F      G
               +--------+--------+--------+--------+--------+-----+--------+
         Total |   1553 |   1443 |    110 |      0 |   1114 |   3 |  517.7 |
       Dungeon |   1553 |   1443 |    110 |      0 |   1114 |   3 |  517.7 |
               +--------+--------+--------+--------+--------+-----+--------+

Top non-repeatable levels by time:
     D:1: 892 daAuts
     D:2: 552 daAuts
     D:3: 109 daAuts
